[Event "Austrian Bundesliga 2023-24"]
[Site "Austria"]
[Date "2024.03.20"]
[Round "7.1"]
[White "Baldauf, Marco"]
[Black "Ragger, Markus"]
[Result "1/2-1/2"]
[ECO "D84"]
[WhiteElo "2481"]
[BlackElo "2605"]
[Annotator "TA"]
[PlyCount "63"]
[EventDate "2023.10.21"]
[EventType "team-tourn"]
[EventCountry "AUT"]
[SourceTitle "playchess.com"]
[Source "ChessBase"]
[SourceQuality "1"]
[TimeControl "40/5400+30:1800+30"]

1. d4 Nf6 2. c4 g6 3. Nc3 d5 4. Bf4 Bg7 5. e3 O-O 6. cxd5 Nxd5 7. Nxd5 Qxd5 8. Bxc7 Nc6 9. Ne2 Bg4 10. f3 $1 Bf5 11. Nc3 Qe6 12. Kf2 {[%emt 0:00:03] White is slightly better.} Qc8 13. Bf4 (13. Bg3 $16) 13... e5 $11 14. dxe5 Rd8 15. Qc1 Nxe5 16. Be2 Qc5 17. Rd1 Nd3+ 18. Bxd3 Bxd3 19. Rd2 g5 20. Bg3 Rac8 21. Qe1 Qa5 22. Rad1 Rxc3 ({Much weaker is} 22... Bxc3 $6 23. bxc3 Bf5 24. Rxd8+ Rxd8 25. Kg1 $16 (25. Rxd8+ Qxd8 26. Kg1 Be6 $14)) 23. bxc3 Bxc3 {[%emt 0:00:06] [#] A strong pair of Bishops.} 24. Kg1 $1 Rd7 {[%emt 0:02:09] [#]} (24... Rd5 25. h4) 25. Qf2 $1 Bxd2 26. Rxd2 Bf5 27. Rxd7 Bxd7 28. Qb2 Qb5 29. Be5 Qxb2 {[%emt 0:00:52] The position is equal.} 30. Bxb2 f5 31. Kf2 Bc6 32. Ke2 {[%emt 0:02:40] Weighted Error Value: White=0.12 (very precise) /Black=0.08 (flawless) .  Mistake:       	White=1     	---        Inaccurate:     	White=3     	Black=2      OK:         	White=9     	Black=9      Best:        	White=1     	Black=1} 1/2-1/2

[Event "Austrian Bundesliga 2023-24"]
[Site "Austria"]
[Date "2024.03.20"]
[Round "7.2"]
[White "Handler, Lukas"]
[Black "Prusikin, Michael"]
[Result "1/2-1/2"]
[ECO "D37"]
[WhiteElo "2436"]
[BlackElo "2508"]
[Annotator "TA"]
[PlyCount "35"]
[EventDate "2023.10.21"]
[EventType "team-tourn"]
[EventCountry "AUT"]
[SourceTitle "playchess.com"]
[Source "ChessBase"]
[SourceQuality "1"]
[TimeControl "40/5400+30:1800+30"]

1. d4 d5 2. c4 e6 3. Nf3 Nf6 4. Nc3 h6 5. cxd5 exd5 6. Bf4 Bd6 7. Bxd6 Qxd6 8. e3 {[%emt 0:00:22] The position is equal.} O-O 9. Qc2 Nbd7 10. Bd3 a6 11. O-O Re8 12. Rfc1 c6 13. Rab1 Qe7 14. Nd2 Ng4 15. Nf3 Ngf6 16. Nd2 Ng4 17. Nf3 Ngf6 18. Nd2 {Weighted Error Value: White=0.13 (very precise) /Black=0.05 (flawless) .  Mistake:       	White=1     	---        Inaccurate:     	---       	Black=1      OK:         	White=4     	Black=6} (18. b4 $14) 1/2-1/2

[Event "Austrian Bundesliga 2023-24"]
[Site "Austria"]
[Date "2024.03.20"]
[Round "7.3"]
[White "Berchtenbreiter, Maximilian"]
[Black "Bauer, Sebastian"]
[Result "1/2-1/2"]
[ECO "C80"]
[WhiteElo "2486"]
[BlackElo "2337"]
[Annotator "TA"]
[PlyCount "62"]
[EventDate "2023.10.21"]
[EventType "team-tourn"]
[EventCountry "AUT"]
[SourceTitle "playchess.com"]
[Source "ChessBase"]
[SourceQuality "1"]
[TimeControl "40/5400+30:1800+30"]

1. e4 e5 2. Nf3 Nc6 3. Bb5 a6 4. Ba4 Nf6 5. O-O Nxe4 6. d4 b5 7. Bb3 d5 8. dxe5 Be6 9. Nbd2 Nc5 10. c3 Be7 11. Bc2 d4 12. cxd4 Nxd4 13. Nxd4 Qxd4 14. Nf3 Qxd1 15. Rxd1 Rd8 16. Rxd8+ Bxd8 17. Bd2 Bd5 18. a4 bxa4 19. Be3 Be7 20. Nd4 g6 {[%emt 0:07:09] Pariert Nf5.} 21. Ne2 Bb3 22. Bxb3 axb3 23. Nc1 {[%emt 0:02:45] Wehrt Nd3 ab} Kd7 24. Bxc5 Bxc5 25. Nxb3 $11 {[%emt 0:00:07][%mdl 4096] Endspiel. KRB-KRN} (25. Rxa6 Rb8 26. Ra4 Rd8) 25... Bb6 26. Kf1 Re8 27. f4 {[%emt 0:00:40] [#]} g5 $1 28. fxg5 (28. Ra4 gxf4) 28... Rxe5 29. Nd2 $1 Rxg5 30. Rxa6 Rf5+ 31. Nf3 Rb5 {[%emt 0:01:10] Ein interessantes Remis.   Gewichteter Fehlerwert: Weiß=0.04 (makellos) /Schwarz=0.05 (makellos) .  Ungenau:       	Weiß=1     	Schwarz=1     OK:         	Weiß=9     	Schwarz=10    Bester:       	Weiß=1     	---        Stark:        	Weiß=1     	---} 1/2-1/2

[Event "Austrian Bundesliga 2023-24"]
[Site "Austria"]
[Date "2024.03.20"]
[Round "7.4"]
[White "Halvax, Georg"]
[Black "Hess, Max"]
[Result "1/2-1/2"]
[ECO "D38"]
[WhiteElo "2452"]
[BlackElo "2392"]
[Annotator "TA"]
[PlyCount "61"]
[EventDate "2023.10.21"]
[EventType "team-tourn"]
[EventCountry "AUT"]
[SourceTitle "playchess.com"]
[Source "ChessBase"]
[SourceQuality "1"]
[TimeControl "40/5400+30:1800+30"]

1. d4 Nf6 2. c4 e6 3. Nf3 d5 4. Nc3 Bb4 5. cxd5 exd5 6. Bf4 Ne4 7. Rc1 Nc6 8. g3 Bf5 9. Qb3 (9. Qa4 {seems wilder.} a6 10. Ne5 b5 11. Qb3) 9... a5 {[%emt 0:14:11] [#] Strongly threatening ...a4.} 10. a4 O-O 11. Bg2 Ne7 12. O-O c6 13. Ne5 Ng6 14. Nxg6 Bxg6 15. Nxe4 Bxe4 (15... dxe4 $11 16. Rfd1 Bf5) 16. Bxe4 $16 dxe4 17. Rfd1 Rc8 18. d5 {[%emt 0:06:03] White is more active.} cxd5 19. Rxc8 Qxc8 20. Rxd5 h6 21. Qd1 Qc6 22. b3 Rc8 23. Rd4 Qe6 24. Rd8+ {[%emt 0:15:06] The position is equal.} Rxd8 25. Qxd8+ $11 {[%emt 0:00:04][%mdl 4096] Endgame. KQB-KQB} Kh7 26. Qd1 Qc6 27. Be3 b5 28. axb5 Qxb5 29. Qd4 Qc6 30. Bd2 Bxd2 31. Qxd2 {[%emt 0:00:08] Weighted Error Value: White=0.07 (flawless) /Black=0.11 (very precise) .  Mistake:       	---       	Black=1      Inaccurate:     	White=1     	Black=2      OK:         	White=8     	Black=10     Best:        	White=3     	Black=2} 1/2-1/2

[Event "Austrian Bundesliga 2023-24"]
[Site "Austria"]
[Date "2024.03.20"]
[Round "7.5"]
[White "Kruckenhauser, Arthur"]
[Black "Kreisl, Robert"]
[Result "1/2-1/2"]
[ECO "B01"]
[WhiteElo "2355"]
[BlackElo "2260"]
[Annotator "TA"]
[PlyCount "86"]
[EventDate "2023.10.21"]
[EventType "team-tourn"]
[EventCountry "AUT"]
[SourceTitle "playchess.com"]
[Source "ChessBase"]
[SourceQuality "1"]
[TimeControl "40/5400+30:1800+30"]

1. e4 d5 2. exd5 Qxd5 3. Nc3 Qa5 4. d4 Nf6 5. Nf3 Bf5 6. Ne5 c6 7. Bc4 e6 8. O-O Nbd7 9. Qe2 Bd6 (9... Be7 $11) 10. Re1 (10. g4 $14 Bg6 (10... Nxe5 11. dxe5 Bxg4 12. f3 $16) 11. f4) 10... O-O $11 11. Bb3 Qc7 {[%emt 0:05:23] The position is equal.} 12. h3 h6 13. Nc4 Bh2+ 14. Kh1 Bf4 15. Ne3 Bg6 16. g3 Bh5 17. g4 Bg6 18. Ng2 Bxc1 19. Raxc1 Rfe8 20. Rcd1 e5 {[%emt 0:07:26] [#] White must now prevent ...exd4.} 21. d5 cxd5 22. Nxd5 Nxd5 23. Bxd5 Nf6 (23... Qxc2 24. Bxf7+ (24. Bxb7 Rad8 $14) 24... Kxf7 25. Rxd7+ Kg8 26. Qxc2 (26. Rxb7 Qc6 $14) 26... Bxc2 27. Rxb7 $15) (23... Bxc2 $6 24. Rc1 Qa5 25. Bxf7+ (25. Bxb7 Rab8 $11) 25... Kxf7 26. Qxc2 $14 (26. Rxc2 Nf6 $14)) 24. Bb3 Be4 25. Kg1 Bc6 26. Ne3 Rad8 27. Rxd8 Rxd8 28. Rd1 Rxd1+ 29. Qxd1 g6 30. Qd3 Kg7 31. c3 b5 32. a3 a6 33. Ba2 (33. Nd5 $11 Qd7 34. Nb4) 33... Be4 (33... Bb7 $17 {Strongly threatening ...Qc6.} 34. Qe2 Qc6) 34. Qd2 (34. Qe2 $15) 34... Bb7 $17 {[%emt 0:00:14] ...Qc6 is the strong threat.} 35. Qd1 Qc6 36. Kh2 {[%emt 0:00:04] [#]} Qe4 $1 37. Bb1 (37. Qg1 $17) 37... Qf4+ $19 38. Kg1 Ne4 39. Bxe4 Qxe4 40. Kh2 Qf4+ 41. Kg1 Qe4 42. Kh2 Qf4+ 43. Kg1 Qe4 {[%emt 0:00:05] Weighted Error Value: White=0.21 (precise) /Black=0.21 (precise) .  Mistake:       	White=4     	Black=2      Inaccurate:     	White=3     	Black=3      OK:         	White=10    	Black=14     Best:        	White=1     	Black=1      Strong:       	---       	Black=1} ({Better is} 43... a5 $17 44. b3 Qe4) 1/2-1/2

[Event "Austrian Bundesliga 2023-24"]
[Site "Austria"]
[Date "2024.03.20"]
[Round "7.6"]
[White "Hartl, Daniel"]
[Black "Ciolek, Andreas"]
[Result "1-0"]
[ECO "E06"]
[WhiteElo "2248"]
[BlackElo "2302"]
[Annotator "TA"]
[PlyCount "71"]
[EventDate "2023.10.21"]
[EventType "team-tourn"]
[EventCountry "AUT"]
[SourceTitle "playchess.com"]
[Source "ChessBase"]
[SourceQuality "1"]
[TimeControl "40/5400+30:1800+30"]

1. d4 d5 2. c4 e6 3. Nf3 Nf6 4. g3 Be7 5. Bg2 O-O 6. O-O dxc4 7. Qc2 b6 8. Ne5 Qxd4 9. Bxa8 Qxe5 {[%emt 0:00:08] The position is equal.} 10. Bf3 Nd5 11. Qxc4 Ba6 12. Qe4 Qxe4 13. Bxe4 Bxe2 14. Re1 Bc4 15. Bxd5 (15. Nd2 $11 Bb4 16. a3 Bxd2 17. Bxd2) 15... Bxd5 $15 16. Nc3 Bb7 17. Bf4 $1 c5 18. Red1 (18. Rad1 $11) 18... Bf6 19. a4 Bd4 (19... g5 $15 20. Bxb8 Rxb8) 20. a5 (20. Bxb8 $11 {remains equal.} Rxb8 21. Nb5 Bxb2 22. Rab1) 20... bxa5 ({Black should play} 20... e5 $17 21. Be3 Bf3) 21. Rxa5 $11 Nc6 22. Ra4 e5 23. Be3 f5 {[%emt 0:06:23] Inhibits Ne4.} 24. Nb5 Rd8 {[%emt 0:02:28] Wards off Nd6} 25. Nxa7 Nb4 26. Nb5 Bf3 {[%emt 0:01:49] This pair of bishops is nice.} 27. Rd2 Nd5 28. Bxd4 exd4 29. Ra3 Bh5 30. f3 Be8 {[%emt 0:00:41] [#]} (30... f4 $11 {keeps the balance.}) 31. Ra5 $1 $16 {[%emt 0:00:38] Na7 would now be deadly.} Ne3 32. Na3 {[%emt 0:00:09] Dodges Nc4} c4 {[%emt 0:01:51][%mdl 8192] This move loses the game for Black.} (32... Rc8 $16) 33. Re5 $18 {[%emt 0:00:19] White is clearly winning.} f4 34. gxf4 c3 35. bxc3 Ra8 36. Rxd4 {[%emt 0:01:40] Weighted Error Value: White=0.12 (very precise) /Black=0.40.  Loses game:     	---       	Black=1      Mistake:       	White=3     	Black=3      Inaccurate:     	White=1     	Black=2      OK:         	White=11    	Black=8      Best:        	White=1     	Black=2      Strong:       	White=2     	---} 1-0

[Event "Austrian Bundesliga 2023-24"]
[Site "Austria"]
[Date "2024.03.20"]
[Round "7.7"]
[White "Donchenko, Alexander"]
[Black "Georgiadis, Nico"]
[Result "1-0"]
[ECO "A20"]
[WhiteElo "2631"]
[BlackElo "2537"]
[Annotator "TA"]
[PlyCount "101"]
[EventDate "2023.10.21"]
[EventType "team-tourn"]
[EventCountry "AUT"]
[SourceTitle "playchess.com"]
[Source "ChessBase"]
[SourceQuality "1"]
[TimeControl "40/5400+30:1800+30"]

1. c4 e5 2. g3 c6 3. d4 e4 4. d5 Bb4+ 5. Bd2 Qe7 6. Bxb4 Qxb4+ 7. Nc3 Nf6 8. Qd2 {[%emt 0:00:54][%cal Oc3e4] The position is equal.} O-O {[%emt 0:16:47] [#]} ({Better is} 8... Qxc4 $11 9. e3 Qc5) 9. Nxe4 $1 $14 Qxd2+ 10. Nxd2 cxd5 11. cxd5 Nxd5 12. Rc1 Nf6 13. Bg2 d5 14. Ngf3 Nc6 15. O-O Re8 16. e3 Bf5 17. a3 Rac8 18. Nb3 Be4 19. Rfd1 h6 20. Nc5 b6 {[%emt 0:13:17] Black is on the road to losing.} ({Black should play} 20... Kf8 $14) 21. Nxe4 $16 dxe4 22. Nd2 g5 23. Nc4 {[%emt 0:13:18] And now Nd6 would win.} Na5 (23... Ne5 $14 24. Nd6 Rxc1 25. Rxc1 Rd8 26. Nxe4 Kg7) 24. Nd6 Rxc1 25. Rxc1 Re6 26. Nf5 {[%emt 0:05:04][%cal Oc1c7] White is more active.} Re5 27. Rc8+ (27. Nxh6+ Kg7 28. b4 Kxh6 $11) 27... Kh7 28. Nd6 $36 {[%emt 0:00:14][%mdl 2048] White has strong initiative.} Nb3 {[%emt 0:05:11] Inhibits b4.} 29. Rc7 Nd2 (29... Kg6 $16 30. h3 (30. Rxf7 $2 Rd5 $19) (30. Rxa7 Nd2 $18) 30... h5 31. Rxa7 (31. Nxf7 Rd5 $16) 31... Nd2) 30. Nxf7 $18 (30. Rxa7 $6 Rc5 31. h3 (31. Rxf7+ Kg6 $11) 31... h5 $16) 30... Rd5 (30... Rc5 31. Nxg5+ (31. Rxa7 $2 {loses.} Rc1+ $19) 31... Kg6) 31. Nxg5+ ({Weaker is} 31. Rxa7 g4 $16) 31... Kg8 32. Rc8+ Kg7 33. Rc7+ Kg8 $1 34. Rc8+ Kg7 35. Ne6+ Kf7 36. Nd4 Rc5 37. Bh3 h5 38. b4 Rxc8 39. Bxc8 {[%emt 0:00:02][%mdl 4096] Endgame. KBN-KNN} a5 40. bxa5 bxa5 41. a4 Nb1 42. Bb7 Nc3 43. Bc6 {[%emt 0:00:23] Threatens to win with Nb3.} Ke7 $2 (43... Ng4 {is a better defense.} 44. Nb3 Ne5) 44. Nb3 {[%emt 0:00:37] White is clearly winning.} Kd6 45. Nxa5 Kc5 {[%emt 0:00:24] [#]} 46. Bb5 $1 Nxb5 (46... Kd6 47. Nb3) 47. axb5 Kxb5 48. Nb3 Kc4 49. Nd4 Kd5 50. Kg2 Ke5 51. Kh3 {[%emt 0:01:23] Weighted Error Value: White=0.28 (precise) /Black=0.28 (precise) .  Mistake:       	---       	Black=6      Inaccurate:     	White=1     	Black=2      OK:         	White=19    	Black=10     Best:        	White=3     	Black=5      Strong:       	---       	Black=1      Brilliant:      	White=1     	---} 1-0

[Event "Austrian Bundesliga 2023-24"]
[Site "Austria"]
[Date "2024.03.20"]
[Round "7.8"]
[White "Koelle, Tobias"]
[Black "Bluebaum, Matthias"]
[Result "1/2-1/2"]
[ECO "D43"]
[WhiteElo "2460"]
[BlackElo "2655"]
[Annotator "TA"]
[PlyCount "70"]
[EventDate "2023.10.21"]
[EventType "team-tourn"]
[EventCountry "AUT"]
[SourceTitle "playchess.com"]
[Source "ChessBase"]
[SourceQuality "1"]
[TimeControl "40/5400+30:1800+30"]

1. d4 Nf6 2. c4 e6 3. Nf3 d5 4. Nc3 c6 5. Bg5 h6 6. Bxf6 Qxf6 7. e3 g6 8. Be2 Bg7 9. O-O O-O 10. Ne5 {[%emt 0:01:15] White has an edge.} Qe7 11. f4 dxc4 12. Bxc4 c5 13. Qe2 cxd4 14. exd4 Nc6 15. Rad1 Bd7 16. Kh1 Rad8 17. Nxd7 Rxd7 (17... Nxd4 $2 {perishes.} 18. Rxd4 Bxd4 19. Nxf8 Kxf8 20. Rd1 $18) 18. d5 exd5 {[%emt 0:06:34] The position is equal.} 19. Qxe7 $1 Nxe7 20. Nxd5 Nxd5 (20... Bxb2 $2 {too greedy.} 21. Nf6+ Bxf6 22. Rxd7 $18) 21. Rxd5 Rfd8 22. Rfd1 Rxd5 23. Rxd5 Rxd5 24. Bxd5 Bxb2 25. Bxb7 $11 {[%emt 0:00:05][%mdl 4096] Endgame. KB-KB} f5 26. g3 Kf7 27. Kg2 Kf6 28. h4 h5 29. Kf3 a5 30. a4 Bd4 31. Bd5 Bb2 32. Bb7 Bd4 33. Bd5 $1 Bb2 34. Bb7 Bd4 35. Bd5 Bb2 {[%emt 0:00:04] An interesting draw.   Weighted Error Value: White=0.05 (flawless) /Black=0.03 (flawless) .  Inaccurate:     	White=2     	---        OK:         	White=11    	Black=8      Strong:       	White=2     	---} 1/2-1/2

[Event "Austrian Bundesliga 2023-24"]
[Site "Austria"]
[Date "2024.03.20"]
[Round "7.9"]
[White "Svane, Rasmus"]
[Black "Deuer, Marius"]
[Result "1-0"]
[ECO "B13"]
[WhiteElo "2623"]
[BlackElo "2430"]
[Annotator "TA"]
[PlyCount "87"]
[EventDate "2023.10.21"]
[EventType "team-tourn"]
[EventCountry "AUT"]
[SourceTitle "playchess.com"]
[Source "ChessBase"]
[SourceQuality "1"]
[TimeControl "40/5400+30:1800+30"]

1. e4 c6 2. d4 d5 3. exd5 cxd5 4. Bd3 Nf6 5. h3 g6 6. Nf3 Bf5 7. O-O Nc6 8. Bxf5 {[%emt 0:03:32] Die Stellung ist ausgeglichen.} gxf5 {[%emt 0:00:07] [#]} 9. c4 $1 dxc4 (9... Bg7 10. Nc3) 10. Nc3 {[%emt 0:00:06] Zielt auf d5 ab.} Nd5 11. Qe2 Nxc3 12. bxc3 Qd5 13. a4 Rg8 14. Bf4 e6 15. Rab1 a6 16. Rb6 (16. Rxb7 $2 Nxd4 17. cxd4 Qxb7 $19) 16... O-O-O (16... Qe4 $2 17. Qxe4 fxe4 18. Nd2 $16) 17. Rfb1 Rd7 (17... Na5 $1 $11 {und Schwarz ist OK.}) 18. Kh1 (18. g3 $1 $18) 18... Bd6 19. Bxd6 Qxd6 20. Qxc4 {[%emt 0:01:27][%cal Ob6a6] Droht Rxa6! und aus.} Rc7 21. Qb3 (21. Qe2 $5) 21... Qd7 ({Günstiger ist} 21... Qe7 $1 $14) 22. c4 Rd8 ({Jedoch nicht} 22... Na5 $2 23. Rxa6 Kd8 24. Rxa5 $18) 23. Qb2 {[%emt 0:01:52][%cal Od4d5] Droht stark d5! Weiß steht aktiver.} (23. d5 {vereinfacht} exd5 24. cxd5 Qxd5 25. Rxb7 Qxb3 26. R7xb3 Rd5 27. Rb6) 23... Qe7 $1 24. Ne5 Nxe5 25. dxe5 Rd3 (25... Rcd7 $1 $14) 26. c5 Qxc5 27. Rxb7 Rd1+ 28. Rxd1 Rxb7 $14 {[%emt 0:00:05][%mdl 4096] Endspiel. KQR-KQR} 29. Qe2 a5 30. f4 $40 {[%emt 0:01:29][%mdl 128] Weiss hat was vor.} Qc6 31. Rd4 Rb4 {[%emt 0:01:38] Verhindert Rc4} 32. Rd6 Qc1+ 33. Rd1 Qc6 {[%emt 0:00:55] Verhindert Qa6+} (33... Qc4 $11 34. Qd2 Qc7) 34. Qd3 $16 Qc7 {[%emt 0:00:31][%cal Oc8b8] Gegen Qd8+ gerichtet.} 35. Qg3 (35. Rd2 $16 {Rc2 ist eine echte Drohung.} Rc4 36. Kh2) 35... Rxa4 $2 {[%emt 0:00:37][%mdl 8192] [#]} (35... Kb7 $11) 36. Qg8+ $1 $18 {[%emt 0:00:25] Weiß steht klar auf Gewinn.} Kb7 {[%emt 0:00:05] [#]} 37. Qe8 $1 Rc4 38. Rd7 Kb6 39. Rxc7 ({Schwächer ist} 39. Rxf7 Qc8 40. Qe7 Rc7 41. Qd6+ Kb7 $11) 39... Rxc7 40. Kh2 Ra7 41. Qa4 Rc7 42. Kg3 Rc1 43. Kh4 Rb1 44. Qe8 {[%emt 0:01:36] Gewichteter Fehlerwert: Weiß=0.21 (präzise) /Schwarz=0.16 (sehr präzise) .  Verlustzug:     	---       	Schwarz=2     Fehler:       	Weiß=2     	Schwarz=3     Ungenau:       	Weiß=3     	---        OK:         	Weiß=8     	Schwarz=12    Bester:       	Weiß=4     	Schwarz=4     Stark:        	Weiß=1     	Schwarz=1} 1-0

[Event "Austrian Bundesliga 2023-24"]
[Site "Austria"]
[Date "2024.03.20"]
[Round "7.10"]
[White "Kvetny, Mark"]
[Black "Svane, Frederik"]
[Result "0-1"]
[ECO "A13"]
[WhiteElo "2407"]
[BlackElo "2617"]
[Annotator "TA"]
[PlyCount "74"]
[EventDate "2023.10.21"]
[EventType "team-tourn"]
[EventCountry "AUT"]
[SourceTitle "playchess.com"]
[Source "ChessBase"]
[SourceQuality "1"]
[TimeControl "40/5400+30:1800+30"]

1. c4 e6 2. g3 d5 3. Bg2 d4 4. Nf3 c5 5. O-O Nc6 6. e3 Nf6 7. d3 h6 8. exd4 {[%emt 0:07:50] The position is equal.} cxd4 9. Bf4 Nd7 {[%emt 0:00:34] Prevents Ne5} 10. Re1 Bc5 11. Na3 O-O 12. Nc2 a5 13. a3 Re8 14. Ne5 Ndxe5 15. Bxe5 a4 16. Bxc6 bxc6 17. Re4 Bb7 18. Qh5 {[%emt 0:07:21][%cal Oe4g4] aiming for Rg4!} Ra5 19. Rf4 (19. Nxd4 $2 Bxd4 20. Rxd4 Qxd4 $19) 19... Qd7 20. Bxg7 Kxg7 $17 21. Rh4 (21. Rg4+ $17 Kf8 22. Rf4) 21... Kf8 (21... Rh8 $19 {is more deadly. ...Bb6 would now be deadly.} 22. Qe5+ f6 23. Rg4+ Kf7) 22. Qxh6+ Ke7 23. Qg5+ Kd6 24. Re1 (24. Qd2 $17 Bb6 25. Rxd4+ Bxd4 26. Qxa5) 24... Kc7 $19 25. Re5 {[%emt 0:04:26] [#]} (25. Qd2 {might work better.} Bb6 26. Rxd4 Bxd4 27. Qxa5+ Bb6 28. Qe5+ Qd6 29. h4) 25... Be7 $1 26. Qg7 (26. Rxd4 $142 Qxd4 27. Nxd4 Bxg5 28. Rxa5) 26... Rxe5 (26... c5 $142 27. Rh7 Qc6) 27. Qxe5+ Bd6 28. Qa5+ Kc8 29. c5 {[%emt 0:02:01] [#]} Bc7 30. Qxa4 e5 31. Nb4 (31. Qc4 $142) 31... f5 32. Rh6 $2 (32. Qc2) 32... e4 33. Rxc6 Re6 34. Rxc7+ Kxc7 35. Qa5+ Kc8 {[%emt 0:00:13] Threatens to win with ...exd3.} 36. c6 Bxc6 37. Qxf5 exd3 {[%emt 0:00:21] Weighted Error Value: White=0.67/Black=0.26 (precise) .  Mistake:       	White=7     	Black=2      Inaccurate:     	White=3     	---        OK:         	White=7     	Black=11     Best:        	---       	Black=4      Strong:       	---       	Black=1} 0-1

[Event "Austrian Bundesliga 2023-24"]
[Site "Austria"]
[Date "2024.03.20"]
[Round "7.11"]
[White "Wagner, Dennis"]
[Black "Richter, Nils"]
[Result "1-0"]
[ECO "E12"]
[WhiteElo "2620"]
[BlackElo "2400"]
[Annotator "TA"]
[PlyCount "69"]
[EventDate "2023.10.21"]
[EventType "team-tourn"]
[EventCountry "AUT"]
[SourceTitle "playchess.com"]
[Source "ChessBase"]
[SourceQuality "1"]
[TimeControl "40/5400+30:1800+30"]

1. d4 Nf6 2. c4 e6 3. Nf3 b6 4. a3 Bb7 5. Nc3 d5 6. Bf4 Bd6 7. Bxd6 cxd6 8. cxd5 Nxd5 {[%emt 0:00:29] The position is equal.} 9. Nxd5 Bxd5 10. e3 O-O 11. Bd3 Nd7 12. O-O Nf6 13. Qe2 Rc8 14. e4 Bb7 15. Rad1 Rc7 16. Rfe1 Qe7 17. h3 Rfc8 18. Qe3 g6 19. Nd2 Kg7 20. Nb1 b5 21. Nc3 (21. Bxb5 Nxe4 (21... Bxe4 22. Nc3 $15) 22. Bd3 Nf6 $16) 21... a6 22. Bb1 Nd7 23. Ba2 Qf6 24. Rd2 h5 25. f4 Nb6 (25... Qe7 $142) 26. d5 $16 Nc4 27. Bxc4 (27. e5 $1 $16 dxe5 28. fxe5) 27... Rxc4 $14 28. Qb6 R8c7 (28... Qxf4 $2 {loses.} 29. Rf2 Qg3 30. Qxb7 $18) 29. dxe6 R4c6 (29... Qxe6 $14 30. Rxd6 Qe7) 30. Qe3 $18 {[%emt 0:00:40] exf7 is the strong threat.} fxe6 {[%emt 0:00:56] [#]} (30... Qxe6 {is a better defense.} 31. Nd5 Rc8) 31. Rxd6 $2 Rxd6 $11 32. e5 Qd8 33. exd6 Qxd6 34. Rd1 Rxc3 $4 35. Qxc3+ {[%emt 0:00:06] Weighted Error Value: White=0.18 (very precise) /Black=0.42.  Loses game:     	---       	Black=1      Missed win:     	White=1     	---        Mistake:       	White=1     	Black=3      Inaccurate:     	---       	Black=1      OK:         	White=13    	Black=7      Best:        	White=3     	---} (35. Rxd6 Rxe3 36. Rd7+ Kf6 37. Rxb7 g5 38. fxg5+ Kxg5 $17) 1-0

[Event "Austrian Bundesliga 2023-24"]
[Site "Austria"]
[Date "2024.03.20"]
[Round "7.12"]
[White "Neyman, Igor"]
[Black "Buhmann, Rainer"]
[Result "0-1"]
[ECO "E11"]
[WhiteElo "2302"]
[BlackElo "2568"]
[Annotator "TA"]
[PlyCount "104"]
[EventDate "2023.10.21"]
[EventType "team-tourn"]
[EventCountry "AUT"]
[SourceTitle "playchess.com"]
[Source "ChessBase"]
[SourceQuality "1"]
[TimeControl "40/5400+30:1800+30"]

1. d4 Nf6 2. c4 e6 3. Nf3 Bb4+ 4. Bd2 Be7 5. Nc3 O-O 6. Bf4 Nh5 7. g3 d5 8. cxd5 {[%emt 0:06:48] White has an edge.} exd5 9. Bg2 (9. e3 $11) 9... c6 10. Ne5 Nxf4 11. gxf4 Na6 12. e3 Bd6 13. Bf1 Bxe5 14. fxe5 f6 {[%emt 0:04:49] Hoping for ...fxe5.} 15. Qh5 Nb4 {[%emt 0:07:28] Wards off Bd3} (15... fxe5 $1 $15 16. Qxe5 (16. Bxa6 Rf5 $17) 16... Rf7) 16. O-O-O $11 fxe5 17. a3 (17. Qxe5 $11 Rxf2 18. a3) 17... Rf5 $17 18. Qe2 Na6 19. Bh3 Rg5 20. f4 (20. Bxc8 $17 {was the only defense.} Rxc8 21. h4) 20... exf4 $19 21. exf4 Rg6 22. Bxc8 Rxc8 23. h4 Qd6 24. Rdf1 Rf8 25. f5 Rgf6 26. Qg4 Qd7 27. h5 Rxf5 28. Re1 h6 29. Kb1 Nc7 30. Ka2 Qf7 31. Ne2 Nb5 32. Rh2 Rg5 33. Qh3 Kh8 34. Rd1 Qf5 35. Qe3 Qe4 36. Qh3 {[%emt 0:00:34] [#]} (36. Qxe4 dxe4 37. a4) 36... Qf5 37. Qe3 $1 Nd6 38. Qe7 Qf6 (38... Rxh5 $2 {is the wrong capture.} 39. Rxh5 (39. Qxd6 Rxh2 40. Qxh2 Qf2 $11) 39... Qf6 40. Re5 $18) 39. Qe3 Ne4 40. Nc1 Rg3 41. Qe1 Qd6 {[%emt 0:08:01][%cal Og3a3] [#] aiming for ...Rxa3+!} 42. Qa5 a6 43. Rc2 Rff3 {[%emt 0:01:12] Inhibits Nd3.} 44. Rh1 Kh7 45. Qb6 Qd7 46. Rch2 Qf7 47. Ne2 Rg5 48. Nc1 Qe7 49. Nb3 Rgg3 {[%emt 0:05:24] Black is clearly winning.} 50. Nc1 (50. Nc5 $142 Nf2 51. Rc1) 50... Re3 51. Rf1 Rh3 52. Rg2 Rxh5 {[%emt 0:00:31] Weighted Error Value: White=0.36/Black=0.33.  Mistake:       	White=5     	Black=1      Inaccurate:     	White=1     	Black=4      OK:         	White=7     	Black=24     Best:        	---       	Black=2      Strong:       	White=1     	---} 0-1